AoeStats
← waLLefps.

Arena

506885804Analyzed
4v4 RM · 16d ago on Sep 15, 2026· 29m 15s· 8 players
Game mode
Random Map
Map size
Large (8 player)
Population
200
Speed
Normal
Resources
Standard
Victory
Conquest
Starting age
Dark Age
Ending age
Imperial Age
RankedLock teamsTeams togetherTeam positionsShared explorationLock speedFull tech treeHidden civsTurbo modeCheats
Victory
Defeat
🇹🇷 Maya · Türkiye
1422
+12
🇹🇷 Saracens · Türkiye
1416
+12
🇹🇷 Koreans · Türkiye
1401
+13
🇲🇦 Chinese · Morocco
1354
+14
🇭🇰 Goths · Hong Kong SAR China
1362
-14
🇹🇼 Lithuanians · Taiwan
1336
-13
🇨🇳 Vikings · China
1313
-12
🇨🇴 Magyars · Colombia
1298
-12
No-One-Knows-Me
0:34 Loom
11:30 Feudal Age
15:28 Castle Age
13:49 Double-Bit Axe
14:03 Horse Collar
17:19 Bow Saw
18:09 Wheelbarrow
18:48 Heavy Plow
19:48 Gold Mining
20:28 Stone Mining
22:59 Gold Shaft Mining
23:59 Hand Cart
23:32 Town Watch
29:33 Imperial Age
27:06 Scale Mail Armor
27:17 Forging
28:18 Chain Mail Armor
29:28 Iron Casting
28:36 Pikeman
29:17 Squires
klostrofobikköstebek
11:00 Feudal Age
14:47 Castle Age
12:37 Double-Bit Axe
12:54 Horse Collar
16:59 Heavy Plow
18:17 Wheelbarrow
21:53 Hand Cart
27:02 Imperial Age
24:28 Gold Mining
24:49 Loom
25:18 Bow Saw
26:53 Padded Archer Armor
26:46 Fletching
26:54 Stone Mining
27:40 Gold Shaft Mining
28:04 Leather Archer Armor
28:57 Chemistry
29:01 Two-Man Saw
28:56 Husbandry
29:06 Bloodlines
waLLefps.
0:25 Loom
11:53 Feudal Age
16:23 Castle Age
14:10 Double-Bit Axe
14:06 Horse Collar
17:53 Bow Saw
23:04 Wheelbarrow
24:43 Heavy Plow
25:49 Gold Mining
25:50 Stone Mining
29:09 Imperial Age
27:20 Hand Cart
27:21 Scale Mail Armor
27:32 Forging
27:13 Fletching
27:47 Squires
27:33 Arson
29:06 Stone Shaft Mining
28:19 Town Watch
27:58 Eagle Warrior
29:35 Chain Mail Armor
29:31 Forging
Tameryig1t
10:52 Feudal Age
15:50 Castle Age
14:02 Double-Bit Axe
14:21 Scale Mail Armor
15:38 Arson
16:40 Gambesons
17:38 Squires
19:12 Loom
19:26 Gold Mining
21:58 Bow Saw
23:08 Forging
25:36 Chain Mail Armor
26:34 Wheelbarrow
30:01 Gold Shaft Mining
800分天才玩家
10:34 Feudal Age
14:15 Castle Age
12:10 Double-Bit Axe
12:24 Horse Collar
17:35 Loom
20:43 Bow Saw
21:53 Gold Mining
23:43 Loom
25:24 Gold Shaft Mining
27:26 Imperial Age
26:12 Scale Mail Armor
26:22 Forging
25:35 Man-at-Arms
26:01 Gambesons
26:16 Squires
26:02 Arson
26:16 Long Swordsman
27:00 Caravan
27:16 Chain Mail Armor
27:28 Arson
27:44 Squires
27:33 Two-Handed Swordsman
27:35 Capped Ram
29:09 Champion
冢中枯骨
11:44 Feudal Age
10:00 Loom
13:01 Double-Bit Axe
13:40 Double-Bit Axe
15:56 Castle Age
14:06 Horse Collar
19:26 Bow Saw
21:24 Wheelbarrow
23:23 Heavy Plow
25:43 Gold Mining
31:55 Imperial Age
29:43 Hand Cart
29:16 Town Watch
AIMER_THE_F
10:28 Feudal Age
12:12 Double-Bit Axe
14:51 Castle Age
12:53 Horse Collar
16:41 Bow Saw
18:27 Wheelbarrow
18:11 Fervor
19:08 Heavy Plow
22:28 Gold Mining
22:30 Stone Mining
24:14 Hand Cart
25:41 Squires
25:54 Forging
25:44 Scale Mail Armor
25:08 Man-at-Arms
25:45 Long Swordsman
27:20 Iron Casting
TITO15
10:22 Feudal Age
10:07 Loom
14:11 Castle Age
12:23 Double-Bit Axe
15:01 Horse Collar
15:36 Bow Saw
20:50 Wheelbarrow
20:54 Gold Mining
20:57 Stone Mining
27:29 Imperial Age
25:28 Hand Cart
25:44 Fletching
26:17 Ballistics
26:49 Gold Shaft Mining
27:25 Bodkin Arrow
28:09 Thumb Ring
Connection lost

Rejoining the realm…

Still unreachable

The connection could not be restored.

Session expired

The server has moved on; the page needs a fresh start.